 Dungeon Crawl Stone Soup version 0.23-b1-70-gd12f7cf (webtiles) character file.

Game seed: 13744981478014295593

2290 Yuikono the Cleaver (level 9, -1/81 HPs)
             Began as a Hill Orc Fighter on Feb 6, 2019.
             Was a Follower of Beogh.
             Slain by an ogre
             ... wielding a +0 giant spiked club
              (16 damage)
             ... on level 7 of the Dungeon.
             The game lasted 00:12:44 (4939 turns).

Yuikono the Cleaver (Hill Orc Fighter)              Turns: 4939, Time: 00:12:44

Health: -1/81      AC: 16    Str: 20    XL:     9   Next: 40%
Magic:  9/9        EV:  3    Int: 10    God:    Beogh [*.....]
Gold:   245        SH: 17    Dex: 10    Spells: 8/8 levels left

rFire    + . .     SeeInvis +   F - +4 war axe (curse)
rCold    . . .     Gourm    .   A - +2 large shield
rNeg     . . .     Faith    .   v - +0 plate armour
rPois    .         Spirit   .   (no helmet)
rElec    .         Reflect  .   (no cloak)
rCorr    .         Harm     .   (no gloves)
MR       .....                  l - +2 pair of boots
Stlth    ..........             (no amulet)
HPRegen  0.23/turn              d - ring of protection from fire
MPRegen  0.11/turn              y - ring of see invisible

@: fainting
A: no striking features
a: Renounce Religion


You were on level 7 of the Dungeon.
You worshipped Beogh.
Beogh was aware of your devotion.
You were fainting.

You visited 2 branches of the dungeon, and saw 8 of its levels.

You collected 245 gold pieces.

Inventory:

Hand Weapons
 n - a +0 hunting sling
 E - a +5 long sword
 F - a cursed +4 war axe (weapon)
Missiles
 g - 322 stones (quivered)
 h - 9 tomahawks
 m - 104 sling bullets
 s - 72 arrows
 H - 25 bolts
 J - 5 javelins
Armour
 c - a +0 shield
 e - a cursed +0 robe
 l - a +2 pair of boots (worn)
 u - a +2 robe of the Archmagi
 v - a +0 plate armour (worn)
 A - a +2 large shield (worn)
Jewellery
 d - a ring of protection from fire (left hand)
 y - a ring of see invisible (right hand)
 z - an uncursed amulet of magic regeneration {unknown}
 D - an uncursed amulet of harm {unknown}
Wands
 o - a wand of acid (12)
 C - a wand of random effects (36)
Scrolls
 b - 3 scrolls of enchant weapon {unknown}
 i - a scroll of blinking {unknown}
 j - 2 scrolls of teleportation {unknown}
 p - 4 scrolls of identify
 r - a scroll of enchant armour {unknown}
 w - 6 scrolls of remove curse {unknown}
 G - a scroll of magic mapping {unknown}
Potions
 a - 2 potions of ambrosia {unknown}
 k - 2 potions of haste
 q - a potion of agility {unknown}
 t - a potion of brilliance {unknown}
 x - a potion of curing {unknown}
 B - a potion of heal wounds {unknown}
 I - a potion of flight {unknown}
 K - a potion of magic {unknown}
Comestibles
 f - 5 rations


   Skills:
 + Level 8.2 Fighting
 + Level 8.4 Axes
 + Level 7.5 Armour
 + Level 7.4 Shields


You had 8 spell levels left.
You didn't know any spells.
Your spell library contained the following spells:

 Spells                   Type           Power        Failure   Level  Hunger
 Magic Dart               Conj           #...         100%        1    ##.....
 Blink                    Tloc           N/A          100%        2    ###....
 Call Imp                 Summ           #.......     100%        2    ###....
 Slow                     Hex            #.......     100%        2    ###....
 Conjure Flame            Conj/Fire      #.......     100%        3    ####...
 Mephitic Cloud           Conj/Pois/Air  #.......     100%        3    ####...


Dungeon Overview and Level Annotations

Branches:
Dungeon (7/15)             Temple (1/1) D:5

Altars:
Ashenzari
Cheibriados
Dithmenos
Elyvilon
Fedhas
Gozag
Hepliaklqana
Kikubaaqudgha
Makhleb
Nemelex Xobeh
Okawaru
Qazlal
Ru
Sif Muna
Uskayaw
Vehumet
Wu Jian
Xom
Yredelemnul
Zin
The Shining One


Message History

The black bear bites you!
The black bear claws you but does no damage. x2
The centaur warrior skeleton hits you but does no damage.
The ogre barely misses you. The hungry ghost hits you.
You feel slightly more hungry.
You closely miss the ogre.
The ogre is almost dead.
You hit the hungry ghost. You slash the centaur warrior skeleton!
You hit the black bear. You block the black bear's attack.
The black bear claws you but does no damage.
The black bear claws you.
* * * LOW HITPOINT WARNING * * *
The centaur warrior skeleton hits you but does no damage.
You block the orc's attack. The hungry ghost hits you.
You feel slightly more hungry. The black bear bites you!
* * * LOW HITPOINT WARNING * * *
You block the black bear's attack.
The black bear claws you but does no damage.
The ogre hits you with a +0 giant spiked club!
You die...

...............
.........<.....
#............../.
#...............
#.....>........
#..o.S.........
#..hZW?.......
#.)@)........
##..O........
#...........
#...........
#..##.......
##.... #..#
#...... ##.....#
#<.## #.....
......# #...#
##... .....###
##...## ##.


You could see a hungry ghost, a black bear (berserk), an ogre, an orc, a ball
python and a centaur warrior skeleton.

Vanquished Creatures
  Grinder (D:3)
  Sigmund (D:3)
  3 sky beasts
  An orc warrior (D:6)
  2 ogres
  A necrophage (D:6)
  A centaur (D:5)
  3 bullfrogs
  A wyvern skeleton (D:6)
  3 scorpions
  3 wights
  A howler monkey (D:5)
  2 crimson imps (D:6)
  A centaur zombie (D:5)
  4 hounds
  2 iguanas
  An orc wizard (D:5)
  5 worker ants
  A hound zombie (D:5)
  A howler monkey zombie (D:6)
  6 gnolls
  10 adders
  A shadow imp (D:6)
  3 worms (D:2)
  3 dart slugs
  3 leopard geckos
  13 orcs
  5 bats
  2 giant cockroaches
  12 goblins
  4 hobgoblins
  3 jackals (D:6)
  3 quokkas
  A ball python (D:3)
  4 frilled lizards
  A jackal skeleton (D:5)
  10 kobolds
  2 leopard gecko zombies
  2 quokka skeletons (D:4)
  9 rats
135 creatures vanquished.

Vanquished Creatures (others)
  An orc priest (D:5)
1 creature vanquished.

Grand Total: 136 creatures vanquished

Notes
Turn   | Place    | Note
-------+----------+-------------------------------------------
     0 | D:1      | Yuikono the Hill Orc Fighter began the quest for the Orb.
     0 | D:1      | Reached XP level 1. HP: 19/19 MP: 1/1
    98 | D:1      | Reached XP level 2. HP: 25/27 MP: 2/2
   420 | D:1      | Reached XP level 3. HP: 33/33 MP: 3/3
   610 | D:2      | Found a stormy altar of Qazlal.
   633 | D:2      | Found a blossoming altar of Fedhas.
   975 | D:2      | Reached XP level 4. HP: 37/40 MP: 4/4
  1143 | D:2      | Found an ancient bone altar of Kikubaaqudgha.
  1370 | D:3      | Noticed Grinder
  1384 | D:3      | Killed Grinder
  1384 | D:3      | Reached skill level 5 in Fighting
  1384 | D:3      | Reached XP level 5. HP: 16/48 MP: 5/5
  1384 | D:3      | Reached XP level 6. HP: 19/56 MP: 6/6
  1858 | D:3      | Noticed Sigmund
  1882 | D:3      | Killed Sigmund
  1882 | D:3      | Reached skill level 5 in Axes
  1882 | D:3      | Reached skill level 5 in Armour
  1882 | D:3      | Reached skill level 5 in Shields
  1882 | D:3      | Reached XP level 7. HP: 51/62 MP: 7/7
  2053 | D:3      | Found a basalt altar of Yredelemnul.
  2053 | D:3      | Found a radiant altar of Vehumet.
  2663 | D:4      | Found an ornate altar of the Wu Jian Council.
  2823 | D:5      | Entered Level 5 of the Dungeon
  2885 | D:5      | Reached XP level 8. HP: 66/71 MP: 8/8
  3078 | D:5      | Found a staircase to the Ecumenical Temple.
  3081 | D:5      | Became a worshipper of Beogh the Brigand
  3179 | Temple   | Entered the Ecumenical Temple
  3829 | D:5      | Found an opulent altar of Gozag.
  4144 | D:6      | Found a sacrificial altar of Ru.
  4267 | D:6      | Reached XP level 9. HP: 76/79 MP: 9/9
  4765 | D:7      | Reached * piety under Beogh
  4939 | D:7      | Slain by an ogre

Skill      XL: |  1  2  3  4  5  6  7  8  9 |
---------------+----------------------------+-----
Axes           | 3 4 5 6 7 8 |  8.4
Fighting       | 4 5 6 7 8 |  8.2
Armour         | 4 5 6 7 |  7.5
Shields        | 4 5 6 7 |  7.4

Action                   |  1- 3 |  4- 6 |  7- 9 || total
-------------------------+-------+-------+-------++-------
Melee: War axe           |   116 |   114 |   374 ||   604
Invok: Convert to Beogh  |       |       |     1 ||     1
  Use: Potion            |       |     2 |       ||     2
       Scroll            |       |       |     1 ||     1
  Eat: Chunk             |       |     3 |     7 ||    10
       Ration            |       |       |     1 ||     1
Armor: Scale mail        |    48 |    57 |    42 ||   147
       Plate armour      |       |       |   181 ||   181
Dodge: Dodged            |    29 |    33 |    39 ||   101
Block: Shield            |    58 |    62 |    77 ||   197
       Large shield      |       |       |   261 ||   261
